 Dungeon Crawl Stone Soup version 0.29-a0-414-g5075937ec3 (webtiles) character file.

Game seed: 1946301537642711206

70 quokkamancerX the Digger (level 4, -7/24 HPs)
             Began as a Gargoyle Earth Elementalist on May 16, 2022.
             Mangled by Crazy Yiuf
             ... wielding a +4 quarterstaff of chaos
              (9 damage)
             ... on level 3 of the Dungeon.
             The game lasted 00:13:37 (3455 turns).

quokkamancerX the Digger (GrEE)                     Turns: 3455, Time: 00:13:37

Health: -7/24      AC:  6    Str: 17    XL:     4   Next: 22%
Magic:  0/8        EV: 12    Int: 18    God:
Gold:   170        SH:  0    Dex: 10    Spells: 7/8 levels left

rFire   . . .      SeeInvis .   g - +0 short sword
rCold   . . .      Faith    .   (no shield)
rNeg    + . .      Spirit   .   b - +0 robe
rPois   ∞          Reflect  .   (no helmet)
rElec   +          Harm     .   (no cloak)
rCorr   .          Rampage  .   l - +0 pair of gloves
Will    .....                   (no boots)
Stlth   ++........              (no amulet)
HPRegen 0.08/turn               r - +6 ring of strength
MPRegen 0.11/turn               (no ring)

@: no status effects
A: sickness immunity, AC +3, negative energy resistance 1, electricity
resistance, torment resistance 1, petrification resistance
a: no special abilities


You were on level 3 of the Dungeon.
You visited 1 branch of the dungeon, and saw 3 of its levels.

You collected 170 gold pieces.

Inventory:

Hand Weapons
 g - a +0 short sword (weapon)
Missiles
 a - 42 stones
 s - a throwing net
Armour
 b - a +0 robe (worn)
 l - a +0 pair of gloves (worn)
Jewellery
 h - a ring of ice
 r - a +6 ring of strength (left hand)
Scrolls
 e - 2 scrolls of teleportation {unknown}
 f - 6 scrolls of identify {unknown}
 i - a scroll of amnesia {unknown}
 n - a scroll of blinking {unknown}
 o - a scroll of noise {unknown}
 p - a scroll of fog {unknown}
Potions
 c - 2 potions of magic
 d - 2 potions of degeneration {unknown}
 j - 3 potions of might {unknown}
 k - a potion of curing {unknown}
 m - a potion of heal wounds {unknown}
 q - a potion of flight {unknown}
 t - a potion of cancellation {unknown}


   Skills:
 - Level 1.7 Dodging
 + Level 3.3 Stealth
 + Level 2.7 Spellcasting
 - Level 1.0 Transmutations
 + Level 4.4 Earth Magic


You had 7 spell levels left.
You knew the following spells:

 Your Spells              Type           Power      Damage    Failure   Level
a - Sandblast             Erth           36%        2d10      2%          1

Your spell library contained the following spells:

 Spells                   Type           Power      Damage    Failure   Level
 Passwall                 Tmut/Erth      10%        N/A       9%          2
 Sting                    Tmut/Pois      16%        1d3       14%         1
 Magic Dart               Conj           8%         1d3       17%         1
 Stone Arrow              Conj/Erth      20%        3d8       21%         3
 Blink                    Tloc           4%         N/A       26%         2
 Call Imp                 Summ           2%         N/A       26%         2
 Poisonous Vapours        Pois/Air       4%         N/A       26%         2
 Dazzling Flash           Conj/Hex       4%         N/A       45%         3
 Lesser Beckoning         Tloc           2%         N/A       45%         3
 Mephitic Cloud           Conj/Pois/Air  2%         N/A       45%         3
 Petrify                  Tmut/Erth      12%        N/A       47%         4
 Olgreb's Toxic Radiance  Pois           2%         N/A       86%         4
 Agony                    Necr           2%         N/A       99%         5
 Manifold Assault         Tloc           2%         N/A       99%         5
 Silence                  Hex/Air        1%         N/A       99%         5


Dungeon Overview and Level Annotations

Branches:
Dungeon (3/15)

Altars:

Annotations:
D:3 2 transporters, Crazy Yiuf; Gelos's ghost, amateur OpBr


Innate Abilities, Weirdness & Mutations

You are immune to sickness and miasma.
Your stone body is resilient. (AC +3)
You are immune to poison.
You resist negative energy. (rN+)
You are resistant to electric shocks. (rElec)
You are resistant to unholy torment.
You are immune to petrification.


Message History

A frilled lizard comes into view.
There is a stone staircase leading up here.
You see here a sapphire potion.
The helpless frilled lizard fails to defend itself.
You hit the frilled lizard.
You kill the frilled lizard!
t - a sapphire potion
There is a stone staircase leading up here.
There is an open door here.
You open the door.
There is an open door here.
There is an open door here.
There is an open door here.
Found a mace.
Found a runed translucent door.
Press: ? - help, v - describe, . - travel
Here: Crazy Yiuf, wielding a +4 quarterstaff of chaos and wearing a +0 cloak (fire blocked by a runed translucent door)
The floor.
You open the door.
Aiming: Sandblast (safe; 2% risk of failure)
Press: ? - help, Q - select action, (/) - cycle Shift-Dir - straight line, f - Crazy Yiuf
Aim: Crazy Yiuf, wielding a +4 quarterstaff of chaos and wearing a +0 cloak (82% to hit)
The blast of sand hits Crazy Yiuf.
Crazy Yiuf is lightly wounded.
Crazy Yiuf hits you with a +4 quarterstaff of chaos.
Crazy Yiuf freezes you.
Aiming: Sandblast (safe; 2% risk of failure)
Press: ? - help, Q - select action, (/) - cycle Shift-Dir - straight line, f/p - Crazy Yiuf
Aim: Crazy Yiuf, wielding a +4 quarterstaff of chaos and wearing a +0 cloak (lightly wounded, 82% to hit)
The blast of sand hits Crazy Yiuf!
Crazy Yiuf is heavily wounded.
Crazy Yiuf hits you with a +4 quarterstaff of chaos!
Ouch! That really hurt!
* * * LOW HITPOINT WARNING * * *
You feel your power leaking away.
You don't have enough magic to cast this spell.
You hit Crazy Yiuf.
Crazy Yiuf is severely wounded.
Crazy Yiuf cries, "Scoff!"
Crazy Yiuf hits you with a +4 quarterstaff of chaos!
You die...

######.######.########## #.#
.........# #.##.......#######.##
>#.###.#.# #.##.#...............
...# #...# ##################...
.#.###.#.# #####... .........#
♣♣♣♣♣###....... ######...# ###
♣♣♣.♣....#.###... ##..#
#...#♣..♣.......# ##.# #..#
#...g@♣♣♣♣......# #.# #..#
#)..#♣♣ ♣♣....## #.# ##.# ###
♣♣#### ##'# # #.# ##... ## ####
##.... .## ##.##### ##### ##.....
..####...##.########...####......
..'.......................')>....
..####...##..#######.............


You could see Crazy Yiuf.

Vanquished Creatures
  2 adders
  A worm (D:2)
  A dart slug (D:2)
  An orc (D:3)
  4 ball pythons
  2 endoplasms
  3 giant cockroaches
  3 goblins (D:2)
  4 hobgoblins
  7 kobolds
  3 quokkas
  6 bats
  A frilled lizard (D:3)
  7 rats
45 creatures vanquished.

Notes
Turn   | Place    | Note
-------+----------+-------------------------------------------
     0 | D:1      | quokkamancerX the Gargoyle Earth Elementalist began the
                  | quest for the Orb.
     0 | D:1      | Reached XP level 1. HP: 10/10 MP: 3/3
   362 | D:1      | Reached skill level 1 in Transmutations
   362 | D:1      | Reached XP level 2. HP: 15/15 MP: 5/5
   421 | D:1      | Found a faded altar of an unknown god.
  1124 | D:2      | Reached skill level 4 in Earth Magic
  1356 | D:2      | Reached XP level 3. HP: 8/19 MP: 6/6
  2549 | D:3      | Found a transporter.
  2550 | D:3      | Noticed Gelos's ghost (amateur OpBr)
  2584 | D:3      | Found a transporter.
  3007 | D:3      | Reached XP level 4. HP: 12/24 MP: 5/8
  3448 | D:3      | Found a runed translucent door.
  3449 | D:3      | Noticed Crazy Yiuf
  3454 | D:3      | HP: 1/24 [Crazy Yiuf/+4 quarterstaff of chaos (16)]
  3455 | D:3      | Mangled by Crazy Yiuf

Illustrated notes

Levels and vault maps discovered:
D:1:      psy_arrival_basics, layout_loops_ring, ebering_ecumenical_altar_mist
D:2:      layout_basic
D:3:      layout_loops_corners, gammafunk_ghost_mausoleum,
          minmay_misc_feat_roman, uniq_crazy_yiuf_cottage

Skill      XL: |  1  2  3 |
---------------+----------+-----
Transmutations | 1 |  1.0
Earth Magic    | 4 |  4.4
Stealth        | 3 |  3.3
Dodging        | |  1.7
Spellcasting   | |  2.7

Action                   |  1- 3 |  4- 6 || total
-------------------------+-------+-------++-------
Melee: Mace              |    17 |       ||    17
       Unarmed           |     5 |       ||     5
       Short sword       |   135 |    13 ||   148
       Punch             |     2 |       ||     2
 Cast: Sandblast         |     5 |     2 ||     7
 Stab: Sleeping          |    12 |     2 ||    14
Armor: Robe              |    59 |     7 ||    66
Dodge: Dodged            |   121 |     7 ||   128

Table legend: (Time is in decaauts)
 A = Elapsed time spent in this place.
 B = Non-inter-level travel time spent in this place.
 C = Inter-level travel time spent in this place.
 D = Time resting spent in this place.
 E = Time spent auto-exploring this place.
 F = Levels seen in this place.
 G = Mean time per level.
                   A        B        C        D        E       F      G
               +--------+--------+--------+--------+--------+-----+--------+
         Total |   3477 |   3394 |     83 |   1012 |    928 |   3 | 1159.0 |
       Dungeon |   3477 |   3394 |     83 |   1012 |    928 |   3 | 1159.0 |
               +--------+--------+--------+--------+--------+-----+--------+

Top non-repeatable levels by time:
     D:3: 1253 daAuts
     D:1: 1116 daAuts
     D:2: 1108 daAuts
